 Dungeon Crawl Stone Soup version 0.21.1-1-g345015f (webtiles) character file.

58 inc the Sneak (level 3, 14/14 HPs)
             Began as a Felid Enchanter on Feb 22, 2018.
             Quit the game on level 3 of the Dungeon.
             The game lasted 00:07:00 (3528 turns).

inc the Sneak (Felid Enchanter)                     Turns: 3528, Time: 00:07:01

Health: 14/14      AC:  1    Str:  4    XL:     3   Next: 75%
Magic:  7/7        EV: 18    Int: 17    God:
Gold:   234        SH:  3    Dex: 16    Spells: 0/6 levels left
                                        Lives:  0   Deaths: 1

rFire    . . .     SeeInvis +     - Unarmed
rCold    . . .     Gourm    .   (shield unavailable)
rNeg     . . .     Faith    .   (armour unavailable)
rPois    .         Spirit   .   (helmet unavailable)
rElec    .         Reflect  +   (cloak unavailable)
rCorr    .         Harm     .   (gloves unavailable)
MR       .....                  (boots unavailable)
Stlth    +++.......             g - +3 amulet of reflection
HPRegen  0.04/turn              (no ring)
MPRegen  0.10/turn              (no ring)

@: quick
A: very small, no armour, no weapons or thrown items, stealth, claws 1, fangs 3,
see invisible, carnivore, speed 1, shaggy fur 1, slow metabolism 1, sharp paws
a: no special abilities


You were on level 3 of the Dungeon.
You were not hungry.

You visited 1 branch of the dungeon, and saw 4 of its levels.

You collected 234 gold pieces.

Inventory:

Jewellery
 g - a +3 amulet of reflection (around neck)
Wands
 n - a wand of disintegration (15)
Scrolls
 c - 2 scrolls of blinking {unknown}
 d - a scroll of enchant weapon {unknown}
 e - 2 scrolls of enchant armour {unknown}
 h - a scroll of identify {unknown}
 j - 3 scrolls of fog {unknown}
 l - a scroll of remove curse {unknown}
 o - a scroll of immolation {unknown}
 p - a scroll of magic mapping {unknown}
Potions
 f - 2 potions of mutation {unknown}
 i - 5 potions of degeneration {unknown}
 k - 2 potions of brilliance {unknown}
 m - a potion of curing {unknown}
Books
 a - a book of Maledictions

   Spells                             Type                      Level
   a - Corona                         Hexes                        1
   b - Ensorcelled Hibernation        Hexes/Ice                    2
   c - Confuse                        Hexes                        3
   d - Tukima's Dance                 Hexes                        3
   e - Dazzling Spray                 Conjuration/Hexes            3
Comestibles
 b - 3 rations


   Skills:
 - Level 2.6 Dodging
 - Level 5.3 Stealth
 + Level 4.0 Unarmed Combat
 - Level 2.0 Spellcasting
 - Level 4.4 Hexes


You couldn't memorise any spells.
You knew the following spells:

 Your Spells              Type           Power        Failure   Level  Hunger
a - Corona                Hex            ###....      3%          1    #......
b - Ensorcelled Hibernat  Hex/Ice        #.....       12%         2    ###....
c - Confuse               Hex            ###.....     10%         3    ###....


Dungeon Overview and Level Annotations

Branches:
Dungeon (4/15)
 Temple: D:4-7

Altars:
The Shining One


Innate Abilities, Weirdness & Mutations

You cannot wear armour.
You are incapable of wielding weapons or throwing items.
Your paws allow you to move quietly. (Stealth)
You have sharp claws.
You have razor-sharp teeth.
You have supernaturally acute eyesight. (SInv)
You are carnivorous and can eat meat at any time.
You cover ground quickly.
You are covered in fur. (AC +1)
You have a slow metabolism.
Your sharp claws are effective at attacking unaware monsters.


Message History

Ouch! That really hurt!
You climb upwards.
There is a stone staircase leading down here.
Casting: Confuse
Confirm with . or Enter, or press ? or * to list all spells.
Aiming: Confuse
Press: ? - help, Shift-Dir - straight line, f - white imp
Aim: a white imp (chance to defeat MR: 55%)
The white imp resists with significant effort.
The white imp gestures at you. The puff of frost hits you!
* * * LOW HITPOINT WARNING * * *
The white imp gestures at you. The puff of frost misses you.
The white imp gestures at you. The puff of frost hits you!
You die...
You are now level 3!
You rejoin the land of the living...
Are you sure you want to abandon this character and quit the game? (Confirm with "yes".)

########
#########......#
########.......#.####.#
......##.#####.#.####.#
.....#.##.........#.# #
###..#.#..##.#.##.#.#
#.##........###.#.##.#.#
#......@#.### #.#......#
#..#.#..#... ..####.###
#.....((##### ### #.#
##.#....########## #.##
#.###..##.......# #..#
#......##.......# ##.#
#####.###.......# #.#
##.# #.......# #.# #..#
#..<....## #.##


There were no monsters in sight!

Vanquished Creatures
  5 adders
  4 worms
  2 dart slugs
  The ghost of inc the Vexing, a weakling FeEn (D:3)
  3 orcs (D:3)
  6 bats
  3 giant cockroaches
  10 goblins
  2 hobgoblins
  4 jackals (D:3)
  2 ball pythons
  4 frilled lizards
  A hobgoblin zombie (D:4)
  4 kobolds
  8 rats
59 creatures vanquished.

Notes
Turn   | Place    | Note
-------+----------+-------------------------------------------
     0 | D:1      | inc the Felid Enchanter began the quest for the Orb.
     0 | D:1      | Reached XP level 1. HP: 7/7 MP: 4/4
   158 | D:2      | Reached XP level 2. HP: 5/11 MP: 6/6
   166 | D:2      | Learned a level 2 spell: Ensorcelled Hibernation
  1153 | D:2      | Reached XP level 3. HP: 12/14 MP: 0/7
  1158 | D:2      | Learned a level 3 spell: Confuse
  1683 | D:3      | Noticed inc's ghost (weakling FeEn)
  2638 | D:4      | Found a glowing golden altar of the Shining One.
  2833 | D:3      | Reached XP level 4. HP: 17/18 MP: 3/8
  2920 | D:3      | Reached skill level 5 in Stealth
  3506 | D:3      | Killed inc's ghost
  3527 | D:3      | Killed from afar by a white imp
  3528 | D:3      | Reached XP level 3. HP: -3/14 MP: 4/7
  3528 | D:3      | Quit the game

Skill      XL: |  1  2  3  4 |
---------------+-------------+-----
Unarmed Combat | 2 3 4 |  4.0
Stealth        | 5 |  5.3
Dodging        | |  2.6
Spellcasting   | |  2.0
Hexes          | |  4.4

Action                   |  1- 3 |  4- 6 || total
-------------------------+-------+-------++-------
Melee: Unarmed           |    86 |    35 ||   121
       Bite              |     4 |     1 ||     5
 Cast: Ensorcelled Hiber |    28 |    11 ||    39
       Confuse           |       |     2 ||     2
 Stab: Sleeping          |    26 |    15 ||    41
  Eat: Chunk             |     8 |     6 ||    14
Armor: Skin              |     5 |     5 ||    10
Dodge: Dodged            |    58 |    22 ||    80
Block: Other             |     1 |     5 ||     6
       Reflection        |       |     1 ||     1
